 Dungeon Crawl Stone Soup version 0.30-a0-779-g7971cf19c3 (webtiles) character file.

Game seed: 11696082021491683845

67 Rrauwl the Shield-Bearer (level 4, -6/31 HPs)
             Began as an Octopode Fighter on Feb 17, 2023.
             Mangled by a gnoll
             ... wielding a +0 spear
              (11 damage)
             ... on level 2 of the Dungeon.
             The game lasted 00:03:35 (1147 turns).

Rrauwl the Shield-Bearer (Octopode Fighter)         Turns: 1147, Time: 00:03:35

Health: -6/31      AC:  1    Str: 15    XL:     4   Next: 16%
Magic:  4/4        EV: 13    Int: 10    God:
Gold:   40         SH:  5    Dex: 13    Spells: 3/3 levels left

rFire   . . .      SeeInvis .    a - +0 rapier
rCold   . . .      Faith    .    b - +0 buckler
rNeg    . . .      Spirit   .    (helmet restricted)
rPois   .          Reflect  .    (no amulet)
rElec   .          Harm     .    e - ring of wizardry
rCorr   .          Rampage  .    (no ring)
Will    .....                    (no ring)
Stlth   +++                      (no ring)
HPRegen 0.25/turn                (no ring)
MPRegen 0.09/turn                (no ring)
                                 (no ring)
                                 (no ring)

@: flying
A: almost no armour, amphibious, 8 rings, camouflage 1, gelatinous body 1,
(nimble swimmer 1), tentacles
a: no special abilities


You were on level 2 of the Dungeon.
You visited 1 branch of the dungeon, and saw 2 of its levels.

You collected 40 gold pieces.

Inventory:

Hand Weapons
 a - a +0 rapier (weapon)
Missiles
 d - 6 javelins (quivered)
Armour
 b - a +0 buckler (worn)
Jewellery
 e - a ring of wizardry (left tentacle)
Potions
 c - 2 potions of might
 h - a potion of resistance {unknown}
 i - a potion of invisibility {unknown}


   Skills:
 - Level 3.0 Fighting
 + Level 2.6 Short Blades
 + Level 3.5 Dodging
 + Level 2.5 Stealth
 + Level 3.5 Shields


You had 3 spell levels left.
You didn't know any spells.
Your spell library was empty.

Dungeon Overview and Level Annotations

Branches:
Dungeon (2/15)

Altars:

Shops:
D:2 *[


Innate Abilities, Weirdness & Mutations

You cannot wear most types of armour.
You are amphibious.
You can wear up to eight rings at the same time.
Your skin changes colour to match your surroundings (Stealth+).
Your rubbery body absorbs attacks. (AC +1, EV +1)
((You are camouflaged when in or above water. (Stealth+)))
You have tentacles for arms and can constrict up to eight enemies at once.


Message History

Your attack snaps the gnoll out of its fear.
You grab the gnoll.
The gnoll is heavily wounded.
You constrict the gnoll. The gnoll closely misses you.
The gnoll is attracted toward you. x3
You hit the gnoll but do no damage.
The gnoll is heavily wounded.
You constrict the gnoll. You block the gnoll's attack.
The gnoll is attracted toward you. x3
You hit the gnoll.
You kill the gnoll!
The gnoll is attracted toward you. x3; You feel less attractive to monsters.
You have reached level 4!
You hit the gnoll.
Your attack snaps the gnoll out of its fear.
You grab the gnoll.
The gnoll is moderately wounded.
You constrict the gnoll.
The gnoll struggles to escape constriction.
The gnoll begs, "Why can't we all just get along?"
You hit the gnoll. You squeeze the gnoll.
You kill the gnoll!
The gnoll seems to regain its courage. x2
Things that are here:
a +0 flail; a gnoll corpse The gnoll hits you with a +0 whip.
The gnoll hits you with a +0 spear.
You barely miss the gnoll. Your grab misses the gnoll. You squeeze the gnoll.
The gnoll is moderately wounded.
The gnoll hits you with a +0 whip. The gnoll hits you with a +0 spear.
* * * LOW HITPOINT WARNING * * *
You hit the gnoll but do no damage. You grab the gnoll.
The gnoll is moderately wounded.
You constrict the gnoll. The gnoll hits you with a +0 spear.
* * * LOW HITPOINT WARNING * * *
The gnoll barely misses you.
It was a potion of flight.
You feel very buoyant.
You fly up into the air.
You constrict the gnoll. The gnoll misses you.
The gnoll hits you with a +0 spear!
You die...

#......... #.g.......
#.......§§ ##.§.....(.
.#.§g.gS§.. .#...K.....
.##g#### ###+##########
.##..§g# #............#
..#.##.# #.....g@.....#
.<.>.#§###.....g∩)....#
..#..#...........)....#
.....###..#.....#######
.##.## #..#..#### .##.#
#..#.....# .##.#
#####....# .##.# ######
###.#


You could see 2 gnolls.

Vanquished Creatures
  2 gnolls (D:2)
  2 adders (D:2)
  A worm (D:2)
  A dart slug (D:1)
  2 ball pythons (D:1)
  3 endoplasms
  A giant cockroach (D:1)
  3 hobgoblins
  2 jackals (D:1)
  A quokka (D:1)
  2 bats
  4 frilled lizards
  2 kobolds (D:1)
  A rat (D:1)
27 creatures vanquished.

Notes
Turn   | Place    | Note
-------+----------+-------------------------------------------
     0 | D:1      | Rrauwl the Octopode Fighter began the quest for the Orb.
     0 | D:1      | Reached XP level 1. HP: 16/16 MP: 1/1
   160 | D:1      | Reached skill level 1 in Stealth
   160 | D:1      | Reached XP level 2. HP: 16/21 MP: 2/2
   964 | D:2      | Found Jimuow's General Store.
   974 | D:2      | Reached XP level 3. HP: 17/26 MP: 3/3
  1123 | D:2      | Found Orghul's Antique Armour Emporium.
  1140 | D:2      | Reached XP level 4. HP: 23/31 MP: 4/4
  1147 | D:2      | Mangled by a gnoll

Illustrated notes

Levels and vault maps discovered:
D:1:      minmay_arrival_cross, layout_loops_corners
D:2:      layout_basic, serial_shops, shop, shop, minmay_goblin_kobold_house

Skill      XL: |  1  2  3 |
---------------+----------+-----
Stealth        | 1 2 |  2.5
Fighting       | |  3.0
Short Blades   | |  2.6
Dodging        | |  3.5
Shields        | |  3.5

Action                     |  1- 3 |  4- 6 || total
---------------------------+-------+-------++-------
  Melee: Rapier            |    57 |     4 ||    61
         Constrict         |    11 |     2 ||    13
         Tentacles         |     9 |     2 ||    11
         Punch             |     1 |       ||     1
    Use: Potion            |     1 |     1 ||     2
         Scroll            |     1 |       ||     1
   Stab: Sleeping          |     7 |       ||     7
         Distracted        |     1 |       ||     1
 Armour: Skin              |     3 |       ||     3
  Dodge: Dodged            |    29 |     2 ||    31
  Block: Buckler           |     8 |       ||     8

Table legend: (Time is in decaauts)
 A = Elapsed time spent in this place.
 B = Non-inter-level travel time spent in this place.
 C = Inter-level travel time spent in this place.
 D = Time resting spent in this place.
 E = Time spent auto-exploring this place.
 F = Levels seen in this place.
 G = Mean time per level.
                   A        B        C        D        E       F      G
               +--------+--------+--------+--------+--------+-----+--------+
         Total |   1153 |   1070 |     83 |      0 |    854 |   2 |  576.5 |
       Dungeon |   1153 |   1070 |     83 |      0 |    854 |   2 |  576.5 |
               +--------+--------+--------+--------+--------+-----+--------+

Top non-repeatable levels by time:
     D:1: 898 daAuts
     D:2: 255 daAuts
